 Dungeon Crawl Stone Soup version 0.31.0-11-ge490571c62 (webtiles) character file.

Game seed: 14327928279931687339

149 RancidPinata the Sneak (level 5, -5/37 HPs)
             Began as an Octopode Delver on Feb 2, 2024.
             Slain by a crocodile (16 damage)
             ... in a sewer.
             The game lasted 00:03:45 (728 turns).

RancidPinata the Sneak (Octopode Delver)             Turns: 728, Time: 00:03:46

Health: -5/37      AC:  1    Str: 12    XL:     5   Next: 31%
Magic:  5/5        EV: 14    Int: 12    God:
Gold:   27         SH:  0    Dex: 15    Spells: 4/4 levels left

rFire   . . .        a - +0 short sword
rCold   . . .        (no shield)
rNeg    . . .        (helmet restricted)
rPois   .            (no amulet)
rElec   .            (no ring)
rCorr   .            (no ring)
SInv    .            (no ring)
Will    .....        (no ring)
Stlth   +++++        (no ring)
HPRegen 0.26/turn    (no ring)
MPRegen 0.09/turn    (no ring)
                     (no ring)

%: no passive effects
@: hasted, very quick
A: almost no armour, amphibious, 8 rings, camouflage 1, gelatinous body 1,
(nimble swimmer 1), tentacles
a: no special abilities


You were in a sewer.
You visited 1 branch of the dungeon, and saw 4 of its levels.
You also visited: Sewer.

You collected 27 gold pieces.

Inventory:

Hand Weapons
 a - a +0 short sword (weapon)
Wands
 f - a wand of digging (3)
Scrolls
 b - a scroll of fog
 d - a scroll of fear
 g - a scroll of blinking {unknown}
 i - a scroll of amnesia {unknown}
 j - 2 scrolls of enchant armour {unknown}
 k - a scroll of identify {unknown}
Potions
 h - a potion of heal wounds {unknown}
 l - a potion of cancellation {unknown}


   Skills:
 * Level 3.9 Fighting
 + Level 3.1 Short Blades
 * Level 3.1 Dodging
 * Level 7.5 Stealth


You had 4 spell levels left.
You didn't know any spells.
Your spell library contained the following spells:

 Spells                   Type           Power      Damage    Failure   Level
 Call Canine Familiar     Summ           0%         N/A       69%         3
 Fugue of the Fallen      Necr           0%         N/A       69%         3
 Ozocubu's Armour         Ice            0%         N/A       69%         3
 Sigil of Binding         Hex            0%         N/A       69%         3
 Dimensional Bullseye     Hex/Tloc       0%         N/A       97%         4
 Manifold Assault         Tloc           0%         N/A       97%         4


Dungeon Overview and Level Annotations

Branches:
Dungeon (6/15)              Sewer (1/1)
 Temple: D:4-7

Altars:
Xom

Shops:
D:6 :


Innate Abilities, Weirdness & Mutations

You cannot wear most types of armour.
You are amphibious.
You can wear up to eight rings at the same time.
Your skin changes colour to match your surroundings (Stealth+).
Your rubbery body absorbs attacks. (AC +1, EV +1)
((You are camouflaged when in or above water. (Stealth+)))
You have tentacles for arms and can constrict up to eight enemies at once.


Message History

2 bats come into view.
Found 2 potions of haste.
Found a gate leading back out of this place.
The helpless bat fails to defend itself.
You impale the bat!!
You kill the bat!
The helpless brain worm fails to defend itself.
You impale the brain worm!!
You kill the brain worm!
Your Short Blades skill increases to level 3!
Your Dodging skill increases to level 3!
You have reached level 5!
You feel stronger.
The helpless bat fails to defend itself.
You impale the bat!!
You kill the bat!
The helpless bat fails to defend itself.
You impale the bat!!
You kill the bat!
A crocodile comes into view.
Found 32 gold pieces.
You see here 2 potions of haste.
You enter the deep water.
You feel yourself speed up.
You hit the crocodile.
The crocodile is lightly wounded.
You closely miss the crocodile.
The crocodile is lightly wounded.
The crocodile bites you! The crocodile drags you backwards!
You hit the crocodile but do no damage.
The crocodile is lightly wounded.
The crocodile bites you!
* * * LOW HITPOINT WARNING * * *
The crocodile drags you backwards!
You hit the crocodile.
The crocodile is lightly wounded.
You hit the crocodile.
The crocodile is moderately wounded.
The crocodile bites you!
You die...

#.......# ....... .....
... ####### #l#
##.....## #!#
##...≈...## #.#
##...≈≈≈...#######.####
#∩∩.≈≈≈≈≈.@l..........#
##..††≈≈...#######.####
##...≈...## #.#
##.....## #.# #######
#.# #.# #.# #∩# ###


You could see a crocodile.

Vanquished Creatures
  A brain worm (Sewer)
  A bombardier beetle (D:3)
  An adder (D:3)
  A dart slug (D:3)
  8 orcs
  2 ball pythons
  An endoplasm (D:4)
  3 giant cockroaches (D:3)
  2 goblins
  2 quokkas (D:3)
  6 bats (Sewer)
  2 kobolds
  A rat (D:3)
31 creatures vanquished.

Notes
Turn   | Place    | Note
-------+----------+-------------------------------------------
     0 | D:5      | RancidPinata the Octopode Delver began the quest for the
                  | Orb.
     0 | D:5      | Reached XP level 1. HP: 16/16 MP: 1/1
     1 | D:6      | Noticed a jelly
     1 | D:6      | Found Baujemn's Book Shop.
     6 | D:5      | Noticed a howler monkey
    14 | D:5      | Noticed a water moccasin
   114 | D:4      | Reached XP level 2. HP: 21/21 MP: 2/2
   241 | D:4      | Found a shimmering altar of Xom.
   421 | D:3      | Found a faded altar of an unknown god.
   428 | D:3      | Reached XP level 3. HP: 26/26 MP: 3/3
   542 | D:3      | Reached skill level 7 in Stealth
   542 | D:3      | Reached XP level 4. HP: 31/31 MP: 4/4
   610 | D:3      | Found a glowing drain.
   664 | Sewer    | Entered a sewer
   684 | Sewer    | Noticed a brain worm
   692 | Sewer    | Killed a brain worm
   693 | Sewer    | Reached XP level 5. HP: 37/37 MP: 5/5
   706 | Sewer    | Noticed a crocodile
   728 | Sewer    | Slain by a crocodile

Illustrated notes

Levels and vault maps discovered:
D:3:      layout_loops_ring, nicolae_hepliaklqana_hippocampus,
          chequers_ecumenical_altar_island, portal_sewer_entry_b,
          kennysheep_decorative_pillar, serial_bayou_pond_e
D:4:      kennysheep_kobold_camp, layout_rooms, nicolae_overflow_crystal_walls
D:5:      wander_river, layout_loops_ring, old_standard_altar, st_stairs_2,
          uniq_menkaure, uniq_grinder, uniq_crazy_yiuf_cottage
D:6:      hangedman_cross_stitches, layout_gridville, serial_shops,
          nicolae_diamond_shop, nicolae_nh_oracle_at_delphi
Sewer:    sewer_big_baddie

Skill      XL: |  1  2  3  4 |
---------------+-------------+-----
Stealth        | 7 |  7.5
Short Blades   | 3 |  3.1
Dodging        | 3 |  3.1
Fighting       | |  3.9

Action                     |  1- 3 |  4- 6 || total
---------------------------+-------+-------++-------
  Melee: Short sword       |    29 |    31 ||    60
         Constrict         |     9 |     5 ||    14
         Tentacles         |     8 |     5 ||    13
         Punch             |     1 |       ||     1
    Use: Scroll            |     1 |       ||     1
         Potion            |       |     1 ||     1
   Stab: Sleeping          |     4 |     9 ||    13
 Armour: Skin              |     4 |    13 ||    17
  Dodge: Dodged            |    15 |    10 ||    25
